 Dungeon Crawl Stone Soup version 0.25.1-1-g288607f (webtiles) character file.

Game seed: 16288604671220151156

26 RonnieColeman the Conjurer (level 3, -11/21 HPs)
             Began as an Octopode Conjurer on Sept 29, 2020.
             Killed by divine providence
             ... invoked by an orc priest
              (15 damage)
             ... on level 2 of the Dungeon.
             The game lasted 00:02:05 (1148 turns).

RonnieColeman the Conjurer (Octopode Conjurer)      Turns: 1148, Time: 00:02:06

Health: -11/21     AC:  1    Str:  7    XL:     3   Next: 8%
Magic:  4/7        EV: 13    Int: 18    God:
Gold:   65         SH:  0    Dex: 12    Spells: 4/7 levels left

rFire    . . .     SeeInvis .   g - +0 club
rCold    . . .     Gourm    .   (no shield)
rNeg     . . .     Faith    .   (helmet restricted)
rPois    .         Spirit   .   (no amulet)
rElec    .         Reflect  .   (no ring)
rCorr    .         Harm     .   (no ring)
MR       .....                  (no ring)
Stlth    +++.......             (no ring)
HPRegen  0.07/turn              (no ring)
MPRegen  0.10/turn              (no ring)
                                (no ring)
                                (no ring)

@: no status effects
A: almost no armour, stealthy swim, amphibious, 8 rings, constrict 8, camouflage
1, gelatinous body 1
a: no special abilities


You were on level 2 of the Dungeon.
You were not hungry.

You visited 1 branch of the dungeon, and saw 2 of its levels.

You collected 65 gold pieces.

Inventory:

Hand Weapons
 g - a +0 club (weapon)
Scrolls
 a - 2 scrolls of remove curse {unknown}
 c - 3 scrolls of teleportation {unknown}
 e - a scroll of noise {unknown}
 j - a scroll of enchant weapon {unknown}
Potions
 d - 2 potions of berserk rage {unknown}
 h - 2 potions of degeneration {unknown}
 i - a potion of brilliance {unknown}
Comestibles
 b - a ration
 f - 2 chunks of flesh


   Skills:
 - Level 2.0 Dodging
 - Level 2.6 Stealth
 * Level 2.9 Spellcasting
 + Level 4.3 Conjurations


You had 4 spell levels left.
You knew the following spells:

 Your Spells              Type           Power        Failure   Level  Hunger
a - Magic Dart            Conj           ###.         2%          1    None
b - Searing Ray           Conj           ###...       4%          2    ##.....

Your spell library contained the following spells:

 Spells                   Type           Power        Failure   Level  Hunger
 Dazzling Flash           Conj/Hex       ##....       21%         3    ###....
 Fulminant Prism          Conj/Hex       ##........   56%         4    ####...
 Iskenderun's Mystic Bla  Conj/Tloc      ##......     56%         4    ####...


Dungeon Overview and Level Annotations

Branches:
Dungeon (1/15)

Altars:


Innate Abilities, Weirdness & Mutations

You cannot wear most types of armour.
You are very stealthy in the water. (Stealth+)
You are amphibious.
You can wear up to eight rings at the same time.
You can use your tentacles to constrict eight enemies at once.
Your skin changes colour to match your surroundings (Stealth+).
Your rubbery body absorbs attacks. (AC +1, EV +1)


Message History

Confirm with . or Enter, or press ? or * to list all spells.
Aiming: Searing Ray (safe; 4% risk of failure)
Press: ? - help, Shift-Dir - straight line, f - orc priest
Aim: an orc priest, wielding a +0 short sword and wearing a +0 scale mail The searing ray hits the orc priest.
The orc priest is lightly wounded. (Press . to maintain the ray.)
The orc priest shouts!
The searing ray hits the orc priest.
The orc priest is moderately wounded.
The orc priest invokes the aid of Beogh against you.
Beogh smites you!
Ouch! That really hurt!
The orc wizard points at you and mumbles some strange words.
The magic dart hits you.
* * * LOW HITPOINT WARNING * * *
The orc priest calls down the wrath of Beogh upon you.
Beogh smites you!
Ouch! That really hurt!
You die...

# #.....>..............
#.##.###..###.##..#####
..............##..#
#.......#######..#
#.###............#
##.##....########......
......#..# ######
##.##..%.# # ##.@.#
#.###)#.## #........#
#####..o.......
#..o.o..### #.#o.....#
#.#........ #.#......##
.........>.


You could see 3 orc priests and an orc wizard.

Vanquished Creatures
  2 worms (D:2)
  A bat (D:1)
  3 giant cockroaches (D:1)
  3 hobgoblins (D:1)
  4 jackals (D:1)
  2 kobolds
  2 rats (D:1)
17 creatures vanquished.

Notes
Turn   | Place    | Note
-------+----------+-------------------------------------------
     0 | D:1      | RonnieColeman the Octopode Conjurer began the quest for the
                  | Orb.
     0 | D:1      | Reached XP level 1. HP: 11/11 MP: 3/3
   143 | D:1      | Reached XP level 2. HP: 6/17 MP: 0/5
   937 | D:1      | You fall into a shaft and drop 1 floor!
  1052 | D:2      | Reached XP level 3. HP: 21/21 MP: 0/7
  1056 | D:2      | Learned a level 2 spell: Searing Ray
  1148 | D:2      | Killed from afar by an orc priest

Illustrated notes

Levels and vault maps discovered:
D:1:      dpeg_arrival_tiny_a, layout_loops_ring, palyth_stone_intersect
D:2:      layout_loops_ring, first_ration

Action                   || total
-------------------------++-------
Melee: Unarmed           ||    18
       Tentacles         ||     6
       Constrict         ||     9
       Club              ||    19
 Cast: Magic Dart        ||    23
       Searing Ray       ||     1
 Stab: Sleeping          ||     7
  Eat: Chunk             ||     1
Armor: Skin              ||     1
Dodge: Dodged            ||    28
